 Dungeon Crawl Stone Soup version 0.28-a0-677-g3278d6a771 (webtiles) character file.

Game seed: 4158501482262011775

0 Gargoyl the Skirmisher (level 1, -7/23 HPs)
             Began as a Gnoll Abyssal Knight on Oct 18, 2021.
             Was a Follower of Lugonu.
             Mangled by a large abomination (30 damage)
             ... on level 1 of the Abyss.
             The game lasted 00:01:06 (1205 turns).

Gargoyl the Skirmisher (Gnoll Abyssal Knight)       Turns: 1205, Time: 00:01:07

Health: -7/23      AC:  9    Str: 12      XL:     1   Next: 0%
Magic:  3/3        EV:  6    Int:  7 (9)  God:    Lugonu [*.....]
Gold:   11         SH:  0    Dex: 12      Spells: 0/0 levels left

rFire   . . .      SeeInvis .   a - +1 hand axe
rCold   . . .      Faith    .   (no shield)
rNeg    . . .      Spirit   .   c - +0 chain mail
rPois   .          Reflect  .   (no helmet)
rElec   .          Harm     .   (no cloak)
rCorr   .          Rampage  .   (no gloves)
Will    .....      Rnd*Tele +   (no boots)
Stlth   ..........              (no amulet)
HPRegen 0.07/turn               (no ring)
MPRegen 0.08/turn               (no ring)

@: no status effects
A: fangs 1, strong nose, distributed training, teleportitis 1
a: Renounce Religion, Depart the Abyss


You were on level 1 of the Abyss.
You worshipped Lugonu.
Lugonu was aware of your devotion.
You visited 0 branches of the dungeon, and saw 0 of its levels.
You visited the Abyss 1 time.

You collected 11 gold pieces.

Inventory:

Hand Weapons
 a - a +1 hand axe (weapon)
Armour
 c - a +0 chain mail (worn)


   Skills:
 + Level 6.4 Fighting
 + Level 0.0 Short Blades
 + Level 0.0 Long Blades
 + Level 4.4 Axes
 + Level 0.0 Maces & Flails
 + Level 0.0 Polearms
 + Level 0.0 Staves
 + Level 0.0 Slings
 + Level 0.0 Bows
 + Level 0.0 Crossbows
 + Level 0.0 Throwing
 + Level 4.4 Armour
 + Level 2.3 Dodging
 + Level 0.0 Stealth
 + Level 0.0 Shields
 + Level 0.0 Unarmed Combat
 + Level 0.0 Spellcasting
 + Level 0.0 Conjurations
 + Level 0.0 Hexes
 + Level 0.0 Summonings
 + Level 0.0 Necromancy
 + Level 0.0 Translocations
 + Level 0.0 Transmutations
 + Level 0.0 Fire Magic
 + Level 0.0 Ice Magic
 + Level 0.0 Air Magic
 + Level 0.0 Earth Magic
 + Level 0.0 Poison Magic
 + Level 4.4 Invocations
 + Level 0.0 Evocations


You couldn't memorise any spells.
You didn't know any spells.
Your spell library was empty.

Dungeon Overview and Level Annotations

Branches:
Dungeon (0/15)

Altars:


Innate Abilities, Weirdness & Mutations

You have very sharp teeth.
Your uncanny sense of smell can sniff out nearby items.
Your experience applies equally to all skills.
You are occasionally teleported next to monsters.


Message History

You start waiting.
Done waiting.
Done exploring.
You start waiting.
Done waiting.
Done exploring.
You start waiting.
Done waiting.
Done exploring.
You start waiting.
Done waiting.
You start waiting.
Done waiting.
You start waiting.
Done waiting.
You start waiting.
Done waiting.
You start waiting.
A tentacled starspawn comes into view.
A tentacled starspawn is nearby!
Unknown command.
Found a scroll labelled WENIFU KIONA.
Tentacles burst from the starspawn's body! 2 starspawn tentacles come into view.
b - a scroll labelled WENIFU KIONA
There are no items here.
As you read the scroll labelled WENIFU KIONA, it crumbles to dust.
It is a scroll of identify.
You don't have any unidentified items.
Found a grey potion.
Found a gold piece.
You now have 11 gold pieces (gained 1).
A tentacled starspawn is nearby!
You start waiting.
A large abomination comes into view.
You start waiting.
A large abomination is nearby!
The large abomination hits you!!
Ouch! That really hurt!
You die...

∆ ##### #
# # ##.##
## # .
#.#@## . #
#.X...# #
.
...##.#..#
# # ...
#.##.##..#
. . .. #.#
#.# # .
.#. .. ...
# # # .#.
... # . .
.. #. .. #
# .#


You could see a large abomination.

Vanquished Creatures (others)
  2 starspawn tentacles (Abyss:1)
2 creatures vanquished.

Notes
Turn   | Place    | Note
-------+----------+-------------------------------------------
     0 | Abyss:1  | Gargoyl the Gnoll Abyssal Knight began the quest for the
                  | Orb.
     0 | Abyss:1  | Reached XP level 1. HP: 23/23 MP: 3/3
   200 | Abyss:1  | Noticed a death knight
   201 | Abyss:1  | Noticed a neqoxec
   202 | Abyss:1  | Noticed a purple very ugly thing
   203 | Abyss:1  | Gained mutation: You are occasionally teleported next to
                  | monsters. [a neqoxec]
   211 | Abyss:1  | Noticed a vampire mage
  1052 | Abyss:1  | Noticed a tentacled starspawn
  1196 | Abyss:1  | Noticed a large abomination
  1205 | Abyss:1  | Mangled by a large abomination

Illustrated notes

Levels and vault maps discovered:
Abyss:1:  base: Temple, base:
Temple

Action                   || total
-------------------------++-------
  Use: Scroll            ||     3
       Potion            ||     1

Table legend: (Time is in decaauts)
 A = Elapsed time spent in this place.
 B = Non-inter-level travel time spent in this place.
 C = Inter-level travel time spent in this place.
 D = Time resting spent in this place.
 E = Time spent auto-exploring this place.
 F = Levels seen in this place.
 G = Mean time per level.
                   A        B        C        D        E       F      G
               +--------+--------+--------+--------+--------+-----+--------+
         Total |   1186 |   1186 |      0 |    901 |    203 |   1 | 1186.0 |
         Abyss |   1186 |   1186 |      0 |    901 |    203 |   1 | 1186.0 |
               +--------+--------+--------+--------+--------+-----+--------+

Top non-repeatable levels by time:
 Abyss:1: 1186 daAuts
